 Dungeon Crawl Stone Soup version 0.17.1-3-g152610e (webtiles) character file.

35 dearth the Sneak (level 3, -3/16 HPs)
             Began as a Spriggan Enchanter on Mar 2, 2016.
             Slain by a hobgoblin
             ... wielding a +0 club
              (4 damage)
             ... on level 2 of the Dungeon.
             The game lasted 00:04:51 (1433 turns).

dearth the Sneak (Spriggan Enchanter)               Turns: 1433, Time: 00:04:52

Health: -3/16      AC:  3    Str:  4    XL:     3   Next: 17%
Magic:  8/8        EV: 18    Int: 17    God:
Gold:   45         SH:  0    Dex: 16    Spells: 1 memorised, 7 levels left

rFire  . . .     SeeInvis +     a - +1 dagger
rCold  . . .     Clarity  .     b - +1 robe
rNeg   . . .     SustAt   .     (shield restricted)
rPois  .         Gourm    .     (helmet restricted)
rElec  .         Spirit   .     (no cloak)
rCorr  .         Warding  .     (gloves unavailable)
rMut   .         Stasis   .     (boots unavailable)
MR     .....                    (no amulet)
Stlth  +++.......               (no ring)
                                (no ring)

@: lethally poisoned (-3 -> -6), very quick, not resistant to hostile
enchantments, fairly stealthy
A: unfitting armour, see invisible, herbivore 3, speed 3, slow metabolism 2
a: no special abilities


You were on level 2 of the Dungeon.
You were not hungry.

You visited 1 branch of the dungeon, and saw 2 of its levels.

You collected 45 gold pieces.

Inventory:

Hand Weapons
 a - a +1 dagger (weapon)
Missiles
 o - 4 tomahawks (quivered)
Armour
 b - a +1 robe (worn)
Jewellery
 n - an uncursed ring of wizardry {unknown}
Scrolls
 f - 2 scrolls of remove curse {unknown}
 i - a scroll of immolation {unknown}
 j - 3 scrolls of enchant armour {unknown}
 l - a scroll of fog {unknown}
 m - a scroll of amnesia {unknown}
Potions
 e - a potion of magic {unknown}
 g - a potion of mutation {unknown}
 h - a potion of curing {unknown}
 k - a potion of haste {unknown}
Books
 c - a book of Maledictions

   Spells                             Type                      Level
   a - Corona                         Hexes                        1
   b - Ensorcelled Hibernation        Hexes/Ice                    2
   c - Confuse                        Hexes                        3
   d - Tukima's Dance                 Hexes                        3
   e - Dazzling Spray                 Conjuration/Hexes            3
Comestibles
 d - a bread ration


   Skills:
 + Level 1.7 Short Blades
 + Level 3.5 Dodging
 + Level 5.1 Stealth
 + Level 3.0 Spellcasting
 + Level 4.0 Hexes


You had 7 spell levels left.
You knew the following spells:

 Your Spells              Type           Power        Failure   Level  Hunger
a - Corona                Hex            ###....      3%          1    None


Dungeon Overview and Level Annotations

Branches:
Dungeon (2/15)

Altars:


Innate Abilities, Weirdness & Mutations

You are tiny and cannot use many weapons and most armour.
You have supernaturally acute eyesight.
You are a herbivore.
You cover ground extremely quickly.
You need consume almost no food.


Message History

You feel sick. The adder closely misses you. The hobgoblin barely misses you.
The adder barely misses you.
You hit the adder.
The adder is severely wounded.
The adder closely misses you. The hobgoblin misses you.
You hit the adder but do no damage.
The adder is severely wounded.
The adder misses you. The hobgoblin misses you.
You hit the adder.
The adder is almost dead.
The adder bites you.
You barely miss the adder.
The adder is almost dead.
You feel sick. The adder closely misses you.
The hobgoblin hits you with a club.
* * * LOW HITPOINT WARNING * * *
You barely miss the adder.
The adder is almost dead.
The adder completely misses you. The hobgoblin hits you with a club.
You die...

8...# ....# ...## # .###
.# ## .# # ###.### #
#.....# #########.g..$#.#
#......(.@S......
#.#######.....### ####
#.#######.....# ...#
#.....<####.### ##.#
######.# .# #.## ##.## ..
..... #.#.##
###...###.##.<... .###.#
#.........##.##.#
#.#..#####.#...###.##.##.#


You could see an adder and a hobgoblin.

Vanquished Creatures
  An adder (D:2)
  6 bats (D:1)
  A giant cockroach (D:1)
  3 goblins
  4 hobgoblins (D:1)
  A quokka (D:2)
  3 giant newts (D:1)
  4 kobolds (D:1)
  3 rats
26 creatures vanquished.

Notes
Turn   | Place    | Note
--------------------------------------------------------------
     0 | D:1      | dearth the Spriggan Enchanter began the quest for the Orb.
     0 | D:1      | Reached XP level 1. HP: 9/9 MP: 5/5
   399 | D:1      | Reached XP level 2. HP: 10/13 MP: 6/6
  1027 | D:2      | Found a faded altar to an unknown god.
  1173 | D:2      | Reached skill level 5 in Stealth
  1173 | D:2      | Reached XP level 3. HP: 9/16 MP: 5/8
  1433 | D:2      | Slain by a hobgoblin

Action                   || total
-------------------------++-------
Melee: Dagger            ||   124
 Cast: Corona            ||     1
 Stab: Sleeping          ||     2
